 Dungeon Crawl Stone Soup version 0.24.1-14-gf8d2b509d9 (webtiles) character file.

Game seed: 12829944884228984067, levelgen mode: deterministic

21 Hugehornet the Sneak (level 2, -1/17 HPs)
             Began as an Octopode Enchanter on May 19, 2020.
             Slain by a jackal (2 damage)
             ... on level 2 of the Dungeon.
             The game lasted 00:00:53 (949 turns).

Hugehornet the Sneak (Octopode Enchanter)            Turns: 949, Time: 00:00:54

Health: -1/17      AC:  1    Str:  7    XL:     2   Next: 87%
Magic:  5/5        EV: 13    Int: 17    God:
Gold:   11         SH:  0    Dex: 12    Spells: 4/5 levels left

rFire    . . .     SeeInvis .   a - +1 dagger
rCold    . . .     Gourm    .   (no shield)
rNeg     . . .     Faith    .   (helmet restricted)
rPois    .         Spirit   .   (no amulet)
rElec    .         Reflect  .   (no ring)
rCorr    .         Harm     .   (no ring)
MR       .....                  (no ring)
Stlth    ++++......             (no ring)
HPRegen  0.05/turn              (no ring)
MPRegen  0.09/turn              (no ring)
                                (no ring)
                                (no ring)

@: no status effects
A: almost no armour, stealthy swim, amphibious, 8 rings, constrict 8, camouflage
1, gelatinous body 1
a: no special abilities


You were on level 2 of the Dungeon.
You were not hungry.

You visited 1 branch of the dungeon, and saw 2 of its levels.

You collected 11 gold pieces.

Inventory:

Hand Weapons
 a - a +1 dagger (weapon)
Scrolls
 b - 2 scrolls of remove curse {unknown}
 e - 2 scrolls of identify {unknown}
 f - a scroll of enchant armour {unknown}
 h - a scroll of teleportation {unknown}
Potions
 d - a potion of degeneration {unknown}
 g - a potion of agility {unknown}
Comestibles
 c - 3 rations


   Skills:
 - Level 1.0 Short Blades
 - Level 2.0 Dodging
 * Level 5.1 Stealth
 - Level 2.0 Spellcasting
 + Level 3.3 Hexes


You had 4 spell levels left.
You knew the following spells:

 Your Spells              Type           Power        Failure   Level  Hunger
a - Corona                Hex            ##.....      4%          1    #......

Your spell library contained the following spells:

 Spells                   Type           Power        Failure   Level  Hunger
 Ensorcelled Hibernation  Hex/Ice        #.....       14%         2    ###....
 Confuse                  Hex            ##......     14%         3    ###....
 Tukima's Dance           Hex            ##......     14%         3    ###....
 Dazzling Spray           Conj/Hex       #.....       28%         3    ###....


Dungeon Overview and Level Annotations

Branches:
Dungeon (2/15)

Altars:
Dithmenos


Innate Abilities, Weirdness & Mutations

You cannot wear most types of armour.
You are very stealthy in the water. (Stealth+)
You are amphibious.
You can wear up to eight rings at the same time.
You can use your tentacles to constrict eight enemies at once.
Your skin changes colour to match your surroundings (Stealth+).
Your rubbery body absorbs attacks. (AC +1, EV +1)


Message History

You grab the jackal. You constrict the jackal. The jackal bites you. x2
You hit the jackal. You squeeze the jackal.
You kill the jackal!
The jackal closely misses you.
You closely miss the shadow imp. Your grab misses the shadow imp.
The shadow imp closely misses you. The jackal misses you.
You closely miss the shadow imp. Your grab misses the shadow imp.
The jackal closely misses you. The shadow imp hits you.
You hit the shadow imp. You grab the shadow imp. You squeeze the shadow imp.
The shadow imp is moderately wounded.
You constrict the shadow imp, but do no damage.
The jackal barely misses you. The shadow imp gestures at you.
Pain shoots through your body!
Ouch! That really hurt!
* * * LOW HITPOINT WARNING * * *
You hit the shadow imp but do no damage.
The shadow imp is moderately wounded.
You constrict the shadow imp. The jackal bites you.
You die...

#. #. #........#
##.## #.......S#
#....##(.b.....#
#.....#........#
#.....#.....(..#
#.....#....$...#
#...h@#........#
#...5.....#
#....####.#
#..$. ###.#
##### #...#
#§§.# #§§.# §#.#
#.#


You could see a shadow imp and a jackal.

Vanquished Creatures
  An ooze (D:1)
  A dart slug (D:1)
  3 hobgoblins (D:1)
  2 jackals (D:2)
  2 bats (D:1)
  A frilled lizard (D:1)
  3 kobolds (D:1)
  2 rats (D:1)
15 creatures vanquished.

Notes
Turn   | Place    | Note
-------+----------+-------------------------------------------
     0 | D:1      | Hugehornet the Octopode Enchanter began the quest for the
                  | Orb.
     0 | D:1      | Reached XP level 1. HP: 11/11 MP: 3/3
   319 | D:1      | Reached XP level 2. HP: 14/17 MP: 5/5
   795 | D:1      | Reached skill level 5 in Stealth
   930 | D:2      | Found a shadowy altar of Dithmenos.
   949 | D:2      | Slain by a jackal

Levels and vault maps discovered:
D:1:      dpeg_arrival_tiny_a, layout_rooms, minmay_distorted
D:2:      layout_basic, grunt_dithmenos_smoke,
          chequers_ecumenical_altar_simple_redux, uniq_terence

Skill      XL: |  1  2 |
---------------+-------+-----
Stealth        | 5 |  5.1
Short Blades   | |  1.0
Dodging        | |  2.0
Spellcasting   | |  2.0
Hexes          | |  3.3

Action                   || total
-------------------------++-------
Melee: Dagger            ||    48
       Tentacles         ||     9
       Constrict         ||     8
 Stab: Sleeping          ||     2
Armor: Skin              ||     5
Dodge: Dodged            ||    29
